 Dungeon Crawl Stone Soup version 0.28-a0-773-g130ae17fe5 (webtiles) character file.

Game seed: 4646390958690932949

128 ytrimaz the Chopper (level 4, -1/34 HPs)
             Began as a Demonspawn Gladiator on Nov 1, 2021.
             Slain by a water moccasin (3 damage)
             ... on level 3 of the Dungeon.
             The game lasted 00:04:39 (3019 turns).

ytrimaz the Chopper (Demonspawn Gladiator)          Turns: 3019, Time: 00:04:39

Health: -1/34      AC:  4    Str: 15    XL:     4   Next: 86%
Magic:  4/4        EV: 12    Int:  9    God:
Gold:   4          SH:  0    Dex: 15    Spells: 3/3 levels left

rFire   . . .      SeeInvis .   a - +0 war axe
rCold   . . .      Faith    .   (no shield)
rNeg    + . .      Spirit   .   b - +0 leather armour
rPois   .          Reflect  .   c - +0 helmet
rElec   .          Harm     .   (no cloak)
rCorr   .          Rampage  .   (no gloves)
Will    .....                   (no boots)
Stlth   +.........              (no amulet)
HPRegen 0.11/turn               e - ring of positive energy
MPRegen 0.09/turn               (no ring)

@: very slightly contaminated, invisible
A: weakness stinger 1
a: no special abilities


You were on level 3 of the Dungeon.
You visited 1 branch of the dungeon, and saw 3 of its levels.

You collected 60 gold pieces.
You spent 56 gold pieces at shops.

Inventory:

Hand Weapons
 a - a +0 war axe (weapon)
Missiles
 d - 3 throwing nets (quivered)
Armour
 b - a +0 leather armour (worn)
 c - a +0 helmet (worn)
Jewellery
 e - a ring of positive energy (left hand)
Scrolls
 f - 2 scrolls of identify
 j - 2 scrolls of teleportation
Potions
 h - 2 potions of flight


   Skills:
 + Level 2.5 Fighting
 + Level 3.9 Axes
 - Level 1.7 Throwing
 * Level 2.1 Armour
 + Level 3.1 Dodging


You had 3 spell levels left.
You didn't know any spells.
Your spell library contained the following spells:

 Spells                   Type           Power      Damage    Failure   Level
 Animate Dead             Necr           0%         N/A       99%         4
 Borgnjor's Vile Clutch   Necr/Erth      0%         N/A       100%        5
 Death Channel            Necr           0%         N/A       100%        6


Dungeon Overview and Level Annotations

Branches:
Dungeon (3/15)

Altars:

Shops:
D:2 (!(?

Annotations:
D:3 Grinder


Innate Abilities, Weirdness & Mutations

You have a small tail.


Message History

The water moccasin bites you but does no damage.
You hit the water moccasin but do no damage.
Your tail-slap misses the water moccasin.
The water moccasin is heavily wounded.
You feel sick. The water moccasin bites you!
The water moccasin closely misses you.
You closely miss the water moccasin.
Your tail-slap misses the water moccasin.
The water moccasin is heavily wounded.
You feel sick. The water moccasin misses you.
You miss the water moccasin.
The water moccasin is heavily wounded.
You feel sick.
The water moccasin barely misses you. x2
A hobgoblin comes into view.
You miss the water moccasin.
The water moccasin is heavily wounded.
You feel sick.
The hobgoblin shouts!
The water moccasin misses you. The water moccasin bites you.
* * * LOW HITPOINT WARNING * * *
Unknown command.
You closely miss the water moccasin.
The water moccasin is heavily wounded.
You feel sick.
You are no longer poisoned.
The water moccasin misses you.
Grinder blinks!
The water moccasin bites you.
* * * LOW HITPOINT WARNING * * *
You miss the water moccasin.
The water moccasin is heavily wounded.
The water moccasin bites you.
* * * LOW HITPOINT WARNING * * *
The water moccasin bites you but does no damage.
You hit the water moccasin.
The water moccasin is severely wounded.
The water moccasin barely misses you. The water moccasin misses you.
Okay, then.
You barely miss the water moccasin.
The water moccasin is severely wounded.
The water moccasin bites you.
You die...

#### ..# #######.#
........########### #
#...<...†...#
##.##.######.#########.#
..5grw..S@...# #.#
.#.##.######.# #.### #
#.# #.#.. #.# #.... ...
###.# ... #.# #..#
######.# #..# #.......
...####.#


You could see Grinder, a water moccasin, a worm, a quokka and a hobgoblin.

Vanquished Creatures
  A howler monkey (D:3)
  2 adders
  4 worms
  A dart slug (D:2)
  4 bats
  7 endoplasms
  3 giant cockroaches
  6 goblins
  4 hobgoblins
  3 jackals
  3 quokkas
  4 ball pythons
  7 kobolds
  4 rats
53 creatures vanquished.

Notes
Turn   | Place    | Note
-------+----------+-------------------------------------------
     0 | D:1      | ytrimaz the Demonspawn Gladiator began the quest for the
                  | Orb.
     0 | D:1      | Reached XP level 1. HP: 16/16 MP: 1/1
   590 | D:1      | Gained mutation: You have a small tail. [demonic ancestry]
   590 | D:1      | Reached XP level 2. HP: 22/22 MP: 2/2
   618 | D:1      | Found a faded altar of an unknown god.
  1111 | D:1      | Reached skill level 1 in Armour
  1620 | D:2      | Reached XP level 3. HP: 25/27 MP: 3/3
  1785 | D:2      | Found Kulo's Weapon Emporium.
  1789 | D:2      | Found Yfe Soam's Distillery.
  2049 | D:2      | Found Gupsod's Magic Scroll Shop.
  2417 | D:2      | Reached XP level 4. HP: 33/33 MP: 4/4
  2505 | D:2      | Found Taisteja's Antique Weapon Boutique.
  2916 | D:2      | Bought a scroll of identify for 28 gold pieces
  2916 | D:2      | Bought a scroll of identify for 28 gold pieces
  2998 | D:3      | Noticed a water moccasin
  3002 | D:3      | Noticed Grinder
  3019 | D:3      | Slain by a water moccasin

Illustrated notes

Levels and vault maps discovered:
D:1:      dpeg_chamrin_arrival_tetris, layout_basic,
          shapermc_ecumenical_altar_mp_highgroup
D:2:      kb_forest_paths, layout_basic, serial_shops, nicolae_shop_crystal,
          shop, shop, shop
D:3:      layout_loops_ring, uniq_grinder, uniq_crazy_yiuf_cottage

Skill      XL: |  1  2  3  4 |
---------------+-------------+-----
Axes           | 3 |  3.9
Dodging        | 3 |  3.1
Armour         | 1 2 |  2.1
Fighting       | |  2.5
Throwing       | |  1.7

Action                   |  1- 3 |  4- 6 || total
-------------------------+-------+-------++-------
Melee: War axe           |   115 |    36 ||   151
       Tailslap          |     9 |     2 ||    11
  Use: Scroll            |     1 |     2 ||     3
       Potion            |       |     2 ||     2
 Stab: Invisible         |       |     2 ||     2
Armor: Leather armour    |    28 |     8 ||    36
Dodge: Dodged            |   100 |    30 ||   130

Table legend: (Time is in decaauts)
 A = Elapsed time spent in this place.
 B = Non-inter-level travel time spent in this place.
 C = Inter-level travel time spent in this place.
 D = Time resting spent in this place.
 E = Time spent auto-exploring this place.
 F = Levels seen in this place.
 G = Mean time per level.
                   A        B        C        D        E       F      G
               +--------+--------+--------+--------+--------+-----+--------+
         Total |   3067 |   3043 |     24 |      0 |   2582 |   3 | 1022.3 |
       Dungeon |   3067 |   3043 |     24 |      0 |   2582 |   3 | 1022.3 |
               +--------+--------+--------+--------+--------+-----+--------+

Top non-repeatable levels by time:
     D:1: 1625 daAuts
     D:2: 1340 daAuts
     D:3: 102 daAuts
